 Dungeon Crawl Stone Soup version 0.30-a0-457-g4b7bca3bfa (webtiles) character file.

Game seed: 6628511079060435623

1035 Sabo the Gusty (level 7, 0/52 HPs)
             Began as a Demigod Air Elementalist on Dec 13, 2022.
             Slain by an ogre
             ... wielding a +0 giant spiked club
              (16 damage)
             ... on level 5 of the Dungeon.
             The game lasted 00:27:13 (4684 turns).

Sabo the Gusty (Demigod Air Elementalist)           Turns: 4684, Time: 00:27:14

Health: 0/52       AC:  4    Str: 15    XL:     7   Next: 73%
Magic:  9/17       EV: 13    Int: 25    God:
Gold:   331        SH:  0    Dex: 14    Spells: 9/15 levels left

rFire   . . .      SeeInvis .    j - staff of air
rCold   + . .      Faith    .    i - orb {light}
rNeg    . . .      Spirit   .    a - +0 robe
rPois   .          Reflect  .    v - +2 hat
rElec   +          Harm     .    (no cloak)
rCorr   .          Rampage  .    (no gloves)
Will    .....                    (no boots)
Stlth   +.........               (no amulet)
HPRegen 0.28/turn                u - ring of protection from cold
MPRegen 0.15/turn                g - +6 ring of strength

@: glowing
A: high MP 1, forlorn, divine attributes
a: no special abilities


You were on level 5 of the Dungeon.
You visited 1 branch of the dungeon, and saw 5 of its levels.

You collected 331 gold pieces.

Inventory:

Hand Weapons
 d - a +0 short sword
 k - a +0 sling
 w - a +0 vorpal spear
 y - a +3 flail
Missiles
 s - 7 poisoned darts (quivered)
Armour
 a - a +0 robe (worn)
 i - an orb of light (worn)
 v - a +2 hat (worn)
Magical Staves
 j - a staff of air (weapon)
Jewellery
 g - a +6 ring of strength (right hand)
 u - a ring of protection from cold (left hand)
Wands
 o - a wand of polymorph (8)
 t - a wand of paralysis (6)
Scrolls
 e - 4 scrolls of teleportation
 f - a scroll of enchant weapon
 n - a scroll of fog
 q - a scroll of magic mapping {unknown}
Potions
 b - a potion of magic
 c - 3 potions of curing {unknown}
 h - 3 potions of flight {unknown}
 l - 4 potions of degeneration {unknown}
 m - 3 potions of mutation {unknown}
 p - 3 potions of haste {unknown}
 r - a potion of heal wounds {unknown}
 x - 2 potions of berserk rage {unknown}


   Skills:
 + Level 1.2 Fighting
 + Level 0.4 Short Blades
 + Level 1.0 Staves
 + Level 0.2 Throwing
 + Level 3.6 Dodging
 + Level 2.3 Stealth
 + Level 4.6 Spellcasting
 + Level 3.7 Conjurations
 + Level 4.9 Air Magic


You had 9 spell levels left.
You knew the following spells:

 Your Spells              Type           Power      Damage    Failure   Level
a - Shock                 Conj/Air       100%       1d9       1%          1
b - Airstrike             Air            22%        2d(4-20)  11%         4
c - Beastly Appendage     Tmut           10%        N/A       9%          1

Your spell library contained the following spells:

 Spells                   Type           Power      Damage    Failure   Level
 Static Discharge         Conj/Air       82%        2-6/arc   2%          2
 Swiftness                Air            45%        N/A       3%          3
 Wereblood                Tmut           5%         N/A       13%         2
 Spider Form              Tmut/Pois      5%         N/A       26%         3
 Animate Armour           Summ/Erth      10%        N/A       65%         4
 Blade Hands              Tmut           2%         N/A       94%         5
 Iron Shot                Conj/Erth      7%         9d2       99%         6


Dungeon Overview and Level Annotations

Branches:
Dungeon (5/15)
 Temple: D:4-7


Innate Abilities, Weirdness & Mutations

You have an increased reservoir of magic. (+10% MP)
You shall have no god before yourself.
Your divine heritage dramatically boosts your attributes as you level up.


Message History

The orc priest invokes the aid of Beogh against you.
Beogh smites you!
The orc priest looks encouraged for a moment.
You hit the orc priest but do no damage.
The orc priest is almost dead.
The howler monkey hoots and howls with incredible vigour!
The orc priest barely misses you.
The orc priest calls down the wrath of Beogh upon you.
Pain shoots through your body!
* * * LOW HITPOINT WARNING * * *
You hear a shout!
You hit the orc priest.
You kill the orc priest!
The howler monkey closely misses you.
An ogre comes into view. It is wielding a +0 giant spiked club.
The howler monkey hits you but does no damage.
Casting: Shock (safe; 1% risk of failure)
Confirm with . or Enter, or press ? or * to list all spells.
Aiming: Shock (safe; 1% risk of failure)
Press: ? - help, Shift-Dir - straight line You feel a surge of power!
The zap hits the howler monkey!
The howler monkey is severely wounded.
The zap hits the howler monkey!
You kill the howler monkey!
A jelly comes into view.
The jelly quivers.
The orc priest miscasts a cantrip.
You hit the orc priest but do no damage.
The orc priest barely misses you.
You hit the orc priest.
The orc priest is lightly wounded.
The orc priest hits you but does no damage.
You hit the orc priest.
The orc priest is moderately wounded.
The orc priest hits you but does no damage.
You hit the orc priest but do no damage.
The orc priest is electrocuted.
The orc priest is heavily wounded.
The ogre hits you with a +0 giant spiked club!
You die...

#.........#
#.........#
#...?.....#
#.........#
##.........#
............#
########.####
##.########
#.....o@..#
.........J..O))#
####.....####..#
##...## #..#
##.## #).# #.
#..# #. ...# ..
....# .....#


You could see an ogre, a jelly and an orc priest.

Vanquished Creatures
  Sigmund (D:3)
  A water moccasin (D:5)
  A black bear (D:5)
  An ogre (D:5)
  A gnoll sergeant (D:5)
  A scorpion (D:5)
  A howler monkey (D:5)
  3 hounds
  An orc priest (D:5)
  Jessica (D:3)
  Terence (D:2)
  2 orc wizards
  An iguana (D:4)
  5 gnolls (D:5)
  7 adders
  An ufetubus (D:5)
  A dart slug (D:4)
  12 orcs
  7 bats
  3 endoplasms
  A giant cockroach (D:4)
  7 goblins
  10 hobgoblins
  6 quokkas
  5 ball pythons
  2 frilled lizards
  4 kobolds
  5 rats
92 creatures vanquished.

Notes
Turn   | Place    | Note
-------+----------+-------------------------------------------
     0 | D:1      | Sabo the Demigod Air Elementalist began the quest for the
                  | Orb.
     0 | D:1      | Reached XP level 1. HP: 14/14 MP: 5/5
   369 | D:1      | You fall into a shaft and drop 1 floor!
   467 | D:2      | Reached XP level 2. HP: 20/20 MP: 1/7
   594 | D:2      | Reached skill level 1 in Conjurations
   975 | D:2      | Reached XP level 3. HP: 26/26 MP: 6/9
  1324 | D:2      | Noticed Terence
  1332 | D:2      | Killed Terence
  1957 | D:3      | Noticed Jessica
  1959 | D:3      | Killed Jessica
  1960 | D:3      | Reached XP level 4. HP: 33/33 MP: 8/10
  1960 | D:3      | Noticed Sigmund
  1966 | D:3      | Killed Sigmund
  1967 | D:3      | Reached XP level 5. HP: 31/39 MP: 2/12
  3028 | D:4      | Reached XP level 6. HP: 46/46 MP: 14/14
  3876 | D:5      | Entered Level 5 of the Dungeon
  3882 | D:5      | Learned a level 4 spell: Airstrike
  3884 | D:5      | Learned a level 1 spell: Beastly Appendage
  3905 | D:5      | Noticed a water moccasin
  3921 | D:5      | Killed a water moccasin
  3922 | D:5      | Reached skill level 1 in Fighting
  3926 | D:5      | Reached XP level 7. HP: 25/52 MP: 1/16
  4196 | D:5      | Reached skill level 1 in Staves
  4684 | D:5      | Slain by an ogre

Illustrated notes

Levels and vault maps discovered:
D:1:      lightli_arrival_maybe_door_vault, layout_rooms
D:2:      minmay_chambers_of_twos, layout_basic, basic_altar,
          minmay_misc_feat_five, uniq_terence
D:3:      layout_basic, uniq_sigmund, uniq_jessica
D:4:      layout_cave_pods
D:5:      cheibrodos_barr_body, layout_basic

Skill      XL: |  1  2  3  4  5  6  7 |
---------------+----------------------+-----
Spellcasting   | 2 3 4 |  4.6
Conjurations   | 1 2 3 |  3.7
Air Magic      | 3 4 |  4.9
Dodging        | 2 3 |  3.6
Stealth        | 2 |  2.3
Fighting       | 1 |  1.2
Staves         | 1 |  1.0
Short Blades   | |  0.4
Throwing       | |  0.2

Action                   |  1- 3 |  4- 6 |  7- 9 || total
-------------------------+-------+-------+-------++-------
Melee: Short sword       |    28 |       |       ||    28
       Staff             |     4 |    30 |    13 ||    47
Throw: Dart              |       |     2 |       ||     2
 Cast: Shock             |    63 |    57 |    52 ||   172
  Use: Scroll            |     1 |     4 |       ||     5
Armor: Robe              |    11 |    16 |    10 ||    37
Dodge: Dodged            |    41 |    33 |    23 ||    97

Table legend: (Time is in decaauts)
 A = Elapsed time spent in this place.
 B = Non-inter-level travel time spent in this place.
 C = Inter-level travel time spent in this place.
 D = Time resting spent in this place.
 E = Time spent auto-exploring this place.
 F = Levels seen in this place.
 G = Mean time per level.
                   A        B        C        D        E       F      G
               +--------+--------+--------+--------+--------+-----+--------+
         Total |   4689 |   4689 |      0 |   1791 |      0 |   5 |  937.8 |
       Dungeon |   4689 |   4689 |      0 |   1791 |      0 |   5 |  937.8 |
               +--------+--------+--------+--------+--------+-----+--------+

Top non-repeatable levels by time:
     D:2: 1439 daAuts
     D:3: 1073 daAuts
     D:4: 998 daAuts
     D:5: 809 daAuts
     D:1: 368 daAuts
